 Dungeon Crawl Stone Soup version 0.17-a0-1115-g0372368 (webtiles) character file.

280 hda the Shooter (level 6, -1/44 HPs)
             Began as a Mummy Hunter on May 23, 2015.
             Was a Follower of Trog.
             Killed from afar by an orc wizard (15 damage)
             ... with a puff of flame
             ... on level 4 of the Dungeon.
             The game lasted 00:31:31 (4021 turns).

hda the Shooter (Mummy Hunter)                      Turns: 4021, Time: 00:31:31

Health: -1/44      AC:  6    Str: 16    XL:     6   Next: 5%
Magic:  6/6        EV: 10    Int: 10    God:    Trog [*.....]
Gold:   152        SH:  0    Dex: 14    Spells: 0 memorised, 5 levels left

rFire  x . .     SeeInvis .     u - +0 hunting sling (curse)
rCold  + . .     Clarity  .     L - +0 scale mail (curse)
rNeg   + + +     SustAt   .     (no shield)
rPois  ∞         Gourm    .     (no helmet)
rElec  .         Spirit   .     (no cloak)
rCorr  .         Warding  .     (no gloves)
rMut   .         Stasis   .     (no boots)
MR     .....                    x - amulet of regeneration
Stlth  ..........               (no ring)
                                k - ring of teleport control

@: not resistant to hostile enchantments, extremely unstealthy
A: no food or potions, fire vulnerability, cold resistance 1, negative energy
resistance 3, torment resistance, unbreathing
a: Burn Spellbooks, Renounce Religion, Evoke Teleport Control


You were on level 4 of the Dungeon.
You worshipped Trog.
Trog was aware of your devotion.
You were not hungry.

You visited 1 branch of the dungeon, and saw 4 of its levels.

You collected 152 gold pieces.

Inventory:

Hand weapons
 a - a +0 short sword
 b - a +1 shortbow
 e - a +0 trident
 f - a +0 dagger
 g - a cursed -1 hunting sling
 u - a cursed +0 hunting sling (weapon)
 y - a +1 hunting sling of velocity
 A - a cursed -1 spear
Missiles
 c - 29 arrows
 h - 11 bolts
 i - 5 javelins
 v - 102 stones (quivered)
 C - 13 poisoned bolts
 D - 16 sling bullets
Armour
 j - a +1 leather armour of fire resistance
 m - a +0 ring mail
 L - a cursed +0 scale mail (worn)
Jewellery
 k - a ring of teleport control (left hand)
 x - an amulet of regeneration (around neck)
Scrolls
 d - a scroll of fear


   Skills:
 + Level 2.2 Fighting
 + Level 3.4 Slings
 + Level 4.0 Bows
 + Level 0.1(2.0) Throwing
 + Level 1.0 Armour
 + Level 2.4 Dodging
 + Level 1.0 Stealth


You had 5 spell levels left.
You didn't know any spells.

Dungeon Overview and Level Annotations

Branches:
Dungeon (4/15)
 Temple: D:4-7

Altars:
Okawaru
Ru
Trog

Annotations:
D:3 Robin


Innate Abilities, Weirdness & Mutations

You do not eat or drink.
Your flesh is vulnerable to fire.
You are immune to poison.
Your flesh is cold resistant.
You are immune to negative energy.
You are immune to unholy pain and torment.
You can survive without breathing.


Message History

Something hits you but does no damage.
You miss something. Something hits you but does no damage.
Something hits you but does no damage.
You clumsily bash something but do no damage.
Something hits you.
* * * LOW HITPOINT WARNING * * *
You start resting.
Something hits you but does no damage.
You start resting.
Something hits you.
* * * LOW HITPOINT WARNING * * *
You start resting.
Something hits you but does no damage.
You start resting.
Something hits you but does no damage.
You start resting.
Something hits you but does no damage.
You start resting.
Something hits you but does no damage.
You start resting.
Something hits you but does no damage.
You start resting.
Something hits you but does no damage.
You start resting.
You hear some strange, mumbled words.
A puff of flame appears from out of thin air!
The puff of flame hits you! The fire burns you terribly!
You die...

#.............#
#(.
#...#+#.....###
##' #...#
+.....+ .
#...#+#.....# .
#...(........
#...%.........
##)#......
#..###+### ##@#
###


There were no monsters in sight!

Vanquished Creatures
  2 hounds
  9 adders
  A gnoll (D:3)
  An ooze (D:1)
  3 worms
  3 giant geckos
  5 orcs
  7 bats
  8 giant cockroaches
  22 goblins
  16 hobgoblins
  8 jackals
  8 kobolds
  A quokka (D:2)
  4 giant newts
  A jackal skeleton (D:3)
  9 rats
108 creatures vanquished.

Notes
Turn   | Place    | Note
--------------------------------------------------------------
     0 | D:1      | hda the Mummy Hunter began the quest for the Orb.
     0 | D:1      | Reached XP level 1. HP: 16/16 MP: 1/1
   199 | D:1      | Reached XP level 2. HP: 20/22 MP: 2/2
   654 | D:2      | Reached XP level 3. HP: 23/27 MP: 3/3
  1663 | D:2      | Reached skill level 4 in Bows
  1860 | D:2      | Reached XP level 4. HP: 30/33 MP: 4/4
  1875 | D:2      | Reached skill level 1 in Slings
  2125 | D:2      | Reached skill level 1 in Stealth
  2689 | D:3      | Found a bloodstained altar of Trog.
  2794 | D:3      | Became a worshipper of Trog the Wrathful
  2827 | D:3      | Noticed Robin
  2892 | D:3      | Reached XP level 5. HP: 38/38 MP: 5/5
  3075 | D:3      | Found an iron altar of Okawaru.
  3537 | D:3      | Found a sacrificial altar of Ru.
  3542 | D:3      | Acquired Trog's first power
  3731 | D:4      | Reached skill level 1 in Armour
  3731 | D:4      | Reached XP level 6. HP: 35/44 MP: 6/6
  4021 | D:4      | Killed from afar by an orc wizard

Vault maps used:
D:1:      dpeg_arrival_concentric_ovals
D:2:      first_bread
D:3:      okawaru_altar_gauntlet_db, hangedman_ru_absence, trog_hazing_becter,
          uniq_robin
D:4:      minmay_overflow_temple_star_quad, minmay_temple_entry_nine_rooms

Action                   |  1- 3 |  4- 6 || total
-------------------------+-------+-------++-------
Melee: Short sword       |    13 |       ||    13
       Hunting sling     |       |    11 ||    11
 Fire: Shortbow          |    63 |       ||    63
       Hunting sling     |    57 |   320 ||   377
Throw: Javelin           |     7 |     5 ||    12
  Use: Scroll            |     2 |     3 ||     5
